 Dungeon Sprint DCSS version 0.20.1-1-g8b1a95d (webtiles) character file.

22535 wojtek the Shatterer (level 12, -1/124 (125) HPs)
             Began as a Minotaur Berserker on Jan 2, 2018.
             Was the Champion of Trog.
             Killed from afar by a frost giant (17 damage)
             ... with a bolt of cold
             ... in the Dungeon (Sprint II: "The Violet Keep of Menkaure").
             The game lasted 00:14:23 (2263 turns).

wojtek the Shatterer (Minotaur Berserker)           Turns: 2263, Time: 00:14:24

HP:   -1/124 (125)  AC: 19    Str: 31    XL:     12   Next: 63%
MP:   11/11         EV: 16    Int:  4    God:    Trog [******]
Gold: 903           SH:  0    Dex: 10    Spells: 11/11 levels left

rFire    + . .     SeeInvis .   a - +6 dire flail "Qehoj" {flame, rC+ rN+}
rCold    + . .     Gourm    .   (shield currently unavailable)
rNeg     + . .     Faith    .   k - +2 chain mail {rF+}
rPois    +         Spirit   .   (helmet restricted)
rElec    .         Reflect  .   c - +0 cloak
rCorr    .         Harm     .   l - +0 pair of gloves {Str+3}
MR       .....     NoTele   +   (no boots)
Stlth    ..........             (no amulet)
Regen    0.3/turn               t - +3 ring of dexterity
MPRegen  0.2/turn               d - ring of poison resistance

@: berserk cooldown, starving, slowed, very slow
A: retaliatory headbutt, horns 2, clumsy 1, MP-powered wands
a: Berserk, Trog's Hand, Brothers in Arms, Burn Spellbooks, Renounce Religion


You were in the Dungeon.
You worshipped Trog.
Trog was exalted by your worship.
You were starving.

You visited 1 branch You collected 2097 gold pieces.
You spent 1194 gold pieces at shops.

Inventory:

Hand Weapons
 a - the +6 dire flail "Qehoj" (weapon) {flame, rC+ rN+}
   (You bought it in a shop in the Dungeon)

   It has been specially enchanted to burn those struck by it, causing extra
   injury to most foes and up to half again as much damage against particularly
   susceptible opponents.
   It protects you from cold.
   It protects you from negative energy.
 b - a +2 dire flail of venom
 j - the +4 executioner's axe "Utoxiock" {freeze, Int+3, unknown}
   (Trog gifted it to you in the Dungeon)

   It has been specially enchanted to freeze those struck by it, causing extra
   injury to most foes and up to half again as much damage against particularly
   susceptible opponents.
   It can also slow down cold-blooded creatures.
   It affects your intelligence (+3).
 x - a +5 dire flail of crushing
 z - a +1 great mace of protection
Armour
 c - a +0 cloak (worn)
 k - a +2 chain mail of fire resistance (worn)
 l - a +0 pair of gloves of strength (worn)
 y - a +0 animal skin
 C - +0 fire dragon scales
Jewellery
 d - a ring of poison resistance (right hand)
 t - a +3 ring of dexterity (left hand)
Scrolls
 i - 2 scrolls of blinking
 o - 6 scrolls of identify {unknown}
 p - a scroll of recharging {unknown}
 r - 4 scrolls of remove curse {unknown}
 v - a scroll of immolation {unknown}
 w - a scroll of magic mapping {unknown}
Potions
 e - 3 potions of heal wounds
 f - a potion of haste
 g - 5 potions of magic
 h - a potion of berserk rage
 m - 2 potions of lignification {unknown}
 n - 6 potions of flight {unknown}
 q - 3 potions of resistance {unknown}
 B - a potion of degeneration {unknown}
Comestibles
 s - 2 royal jellies
 u - a meat ration
 A - 2 chunks of flesh


   Skills:
 + Level 17.3 Fighting
 * Level 22.8 Maces & Flails
 + Level 17.1 Armour
 + Level 15.9 Dodging


You had 11 spell levels left.
You didn't know any spells.

Dungeon Overview and Level Annotations

Branches:
Dungeon (1/1)

Altars:
Cheibriados
Dithmenos
Elyvilon
Fedhas
Gozag
Hepliaklqana
Kikubaaqudgha
Makhleb
Nemelex Xobeh
Okawaru
Qazlal
Ru
Sif Muna
Trog
Uskayaw
Vehumet
Xom
Yredelemnul
Zin
The Shining One
Beogh
Jiyva
Lugonu

Shops:
D (=::*[?[[:[*(?}}[[%[!(!!*!==

Annotations:
D exclusion: oklob plant


Innate Abilities, Weirdness & Mutations

You reflexively headbutt those who attack you in melee.
You have a pair of horns on your head.
You are clumsy. (Dex -2)
You expend magic power (3 MP) to strengthen your wands.


Message History

Your deep troll claws the frost giant!
Which direction?
You close the door.
You hear a shout!
A frost giant opens the door.
The cacodemon gestures at your deep troll.
Your deep troll twists and deforms.
Which direction?
You close the door.
A frost giant opens the door.
Which direction?
You close the door.
You hear a shout!
A frost giant opens the door.
Your deep troll completely misses the cacodemon.
Your deep troll claws the cacodemon!
Your deep troll closely misses the cacodemon.
The cacodemon barely misses your deep troll. x2
The frost giant points at you and mumbles some strange words.
The bolt of cold hits you! You resist.
You die...

########### #....†['..#
#.....)#@.####
#'######'##..####+####
#∩∩∩∩∩∩#CT'†##§.§≈≈≈§##
#∩∩∩∩∩∩#.2###≈§§§§§..§##
#########%.)≈.§§.§≈≈§≈§#
#.2)####.§§§§§≈§≈
.....CCD.≈##≈§§≈§§
############≈≈#+++#+++##
###########≈≈≈...÷.....#


You could see a frost giant, a cacodemon and a friendly deep troll (berserk).

Vanquished Creatures
  A golden dragon (D)
  A kraken (D)
  2 sphinxes (D)
  Kirke (D)
  A fire dragon (D)
  A deep elf high priest (D)
  A skeletal warrior (D)
  A death drake (D)
  2 deep trolls (D)
  3 manticores (D)
  An elephant (D)
  2 spiny frogs (D)
  A kobold demonologist (D)
  A yaktaur (D)
  2 polar bears (D)
  5 hippogriffs (D)
  12 flying skulls (D)
  3 yaks (D)
  4 neqoxecs (D)
  Menkaure (D)
  A swamp drake (D)
  5 necrophages (D)
  3 crocodiles (D)
  An iron imp (D)
  3 worms (D)
59 creatures vanquished.

Vanquished Creatures (collateral kills)
  A bone dragon (D)
  A storm dragon (D)
  A polar bear (D)
  A hornet (D)
  3 tentacles (D)
7 creatures vanquished.

Vanquished Creatures (others)
  A yaktaur captain (D)
  A centaur warrior (D)
  A crocodile (D)
  8 tentacles (D)
11 creatures vanquished.

Grand Total: 77 creatures vanquished

Notes
Turn   | Place    | Note
-------+----------+-------------------------------------------
     0 | D        | wojtek the Minotaur Berserker began the quest for the Orb.
     0 | D        | Reached XP level 1. HP: 19/19 MP: 0/0
     1 | D        | Noticed a neqoxec
     1 | D        | Noticed a neqoxec
     1 | D        | Noticed a neqoxec
     1 | D        | Noticed a neqoxec
     4 | D        | Gained mutation: You expend magic power (3 MP) to strengthen your wands. [a neqoxec]
     6 | D        | Noticed a crimson imp
     6 | D        | Gained mutation: You are clumsy. (Dex -2) [a neqoxec]
    10 | D        | Killed a neqoxec
    10 | D        | Reached skill level 8 in Maces & Flails
    10 | D        | Reached skill level 5 in Armour
    10 | D        | Reached skill level 5 in Dodging
    10 | D        | Reached XP level 2. HP: 31/31 MP: 1/1
    10 | D        | Reached XP level 3. HP: 38/38 MP: 2/2
    10 | D        | Reached XP level 4. HP: 45/45 MP: 3/3
    10 | D        | Reached XP level 5. HP: 51/51 MP: 4/4
    12 | D        | Killed a neqoxec
    12 | D        | Reached ** piety under Trog
    12 | D        | Reached skill level 10 in Maces & Flails
    15 | D        | Killed a neqoxec
    15 | D        | Reached skill level 11 in Maces & Flails
    15 | D        | Reached XP level 6. HP: 62/62 MP: 5/5
    25 | D        | Killed a neqoxec
    65 | D        | Noticed a hippogriff
    65 | D        | Noticed a hippogriff
    71 | D        | Killed a hippogriff
    71 | D        | Reached skill level 12 in Maces & Flails
    71 | D        | Reached XP level 7. HP: 60/70 MP: 6/6
    73 | D        | Killed a hippogriff
    73 | D        | Reached *** piety under Trog
   214 | D        | Reached skill level 13 in Maces & Flails
   239 | D        | Reached **** piety under Trog
   239 | D        | Reached skill level 10 in Fighting
   243 | D        | Reached XP level 8. HP: 72/79 MP: 7/7
   256 | D        | Reached skill level 10 in Armour
   405 | D        | Found Keyg Voh's Distillery.
   405 | D        | Found Zucul's Jewellery Emporium.
   405 | D        | Found Dedaib's Distillery.
   405 | D        | Found Caotoog's Jewellery Shoppe.
   405 | D        | Found Bacynaa's Antique Weapon Emporium.
   406 | D        | Found Kaumyla's Antique Armour Shoppe.
   406 | D        | Found Huugij's Antique Armour Emporium.
   406 | D        | Found Beniereg's Gadget Shoppe.
   407 | D        | Found Qiasik's General Store.
   407 | D        | Found Waovyoni's Food Emporium.
   407 | D        | Found Erey's Weapon Emporium.
   407 | D        | Found Xeg Bemi's Antique Armour Shoppe.
   407 | D        | Noticed Menkaure
   407 | D        | Noticed a great orb of eyes
   428 | D        | Killed Menkaure
   434 | D        | Found Sadwibb's Antique Armour Shoppe.
   434 | D        | Found Vorch's Magic Scroll Emporium.
   434 | D        | Noticed an oklob plant
   435 | D        | Found Vanoc's Book Shoppe.
   435 | D        | Found Vitaoc's Book Shoppe.
   437 | D        | Noticed a death yak
   471 | D        | Bought the +6 dire flail "Qehoj" {flame, rC+ rN+} for 554 gold pieces
   478 | D        | Bought a glowing chain mail for 180 gold pieces
   494 | D        | Bought a pair of embroidered gloves for 180 gold pieces
   677 | D        | Noticed a flying skull
   677 | D        | Noticed a flying skull
   678 | D        | Noticed a flying skull
   678 | D        | Noticed a flying skull
   678 | D        | Noticed a flying skull
   678 | D        | Noticed a flying skull
   679 | D        | Noticed a flying skull
   679 | D        | Noticed a flying skull
   679 | D        | Noticed a flying skull
   679 | D        | Noticed a flying skull
   679 | D        | Noticed a flying skull
   679 | D        | Noticed a flying skull
   689 | D        | Found an iron altar of Okawaru.
   689 | D        | Found an opulent altar of Gozag.
   690 | D        | Found a sparkling altar of Nemelex Xobeh.
   690 | D        | Found a blossoming altar of Fedhas.
   691 | D        | Found a radiant altar of Vehumet.
   691 | D        | Found a burning altar of Makhleb.
   691 | D        | Found a white marble altar of Elyvilon.
   692 | D        | Found a hide-covered altar of Uskayaw.
   692 | D        | Found a corrupted altar of Lugonu.
   692 | D        | Found a shadowy altar of Dithmenos.
   693 | D        | Found a glowing silver altar of Zin.
   693 | D        | Found a bloodstained altar of Trog.
   693 | D        | Found an ancient bone altar of Kikubaaqudgha.
   694 | D        | Found a basalt altar of Yredelemnul.
   694 | D        | Found a deep blue altar of Sif Muna.
   694 | D        | Found a viscous altar of Jiyva.
   695 | D        | Found a shimmering altar of Xom.
   695 | D        | Found a sacrificial altar of Ru.
   696 | D        | Found a glowing golden altar of the Shining One.
   699 | D        | Noticed a yaktaur
   699 | D        | Noticed a hornet
   699 | D        | Noticed a polar bear
   700 | D        | Noticed a polar bear
   702 | D        | Killed a polar bear
   702 | D        | Reached skill level 14 in Maces & Flails
   705 | D        | Noticed a polar bear
   707 | D        | Killed a polar bear
   709 | D        | Killed a hornet
   709 | D        | Reached ***** piety under Trog
   709 | D        | Reached skill level 10 in Dodging
   714 | D        | Killed a polar bear
   714 | D        | Reached skill level 15 in Maces & Flails
   714 | D        | Reached XP level 9. HP: 85/87 MP: 8/8
   720 | D        | Killed a yaktaur
   787 | D        | Found a stormy altar of Qazlal.
   793 | D        | Noticed a kraken
   909 | D        | Killed a kraken
   909 | D        | Reached skill level 16 in Maces & Flails
  1038 | D        | Found a hazy altar of Hepliaklqana.
  1038 | D        | Found a snail-covered altar of Cheibriados.
  1045 | D        | Found a roughly hewn altar of Beogh.
  1109 | D        | Noticed a deep troll
  1110 | D        | Noticed a deep troll
  1114 | D        | Killed a deep troll
  1114 | D        | Reached skill level 17 in Maces & Flails
  1114 | D        | Reached XP level 10. HP: 96/99 MP: 9/9
  1115 | D        | Killed a deep troll
  1233 | D        | Noticed a sphinx
  1235 | D        | Noticed a sphinx
  1236 | D        | Killed a sphinx
  1236 | D        | Reached skill level 18 in Maces & Flails
  1239 | D        | Killed a sphinx
  1239 | D        | Reached ****** piety under Trog
  1239 | D        | Reached skill level 19 in Maces & Flails
  1239 | D        | Reached XP level 11. HP: 109/109 MP: 10/10
  1285 | D        | Noticed an obsidian statue
  1316 | D        | Noticed a death drake
  1335 | D        | Received a gift from Trog
  1357 | D        | Killed a death drake
  1620 | D        | Bought an uncursed ring of poison resistance for 280 gold pieces
  1631 | D        | Noticed a centaur warrior
  1631 | D        | Noticed Kirke
  1632 | D        | Noticed a skeletal warrior
  1647 | D        | Noticed a lindwurm
  1648 | D        | Killed Kirke
  1648 | D        | Reached skill level 15 in Fighting
  1654 | D        | Killed a skeletal warrior
  1654 | D        | Received a gift from Trog
  1654 | D        | Reached skill level 20 in Maces & Flails
  1665 | D        | Received a gift from Trog
  1665 | D        | Reached skill level 15 in Armour
  1668 | D        | Killed a centaur warrior
  1709 | D        | Received a gift from Trog
  1762 | D        | Killed a yaktaur captain
  1977 | D        | Received a gift from Trog
  1977 | D        | Reached skill level 21 in Maces & Flails
  1992 | D        | Got a dazzling executioner's axe {god gift}
  2119 | D        | Noticed a fire dragon
  2123 | D        | Killed a fire dragon
  2123 | D        | Reached XP level 12. HP: 121/121 MP: 11/11
  2126 | D        | Received a gift from Trog
  2132 | D        | Reached skill level 15 in Dodging
  2200 | D        | Found Voiruir's Antique Weapon Emporium.
  2200 | D        | Found Emigaliq Elo's Jewellery Shop.
  2201 | D        | Found Loc Kak's Assorted Antiques.
  2201 | D        | Found Deebal's Armour Shoppe.
  2201 | D        | Found Soanuh's Magic Scroll Boutique.
  2201 | D        | Found Ikior's Armour Emporium.
  2201 | D        | Found Ummewev's Assorted Antiques.
  2201 | D        | Found Jimn's Armour Shoppe.
  2201 | D        | Found Ygoabof's Book Boutique.
  2201 | D        | Found Ziusi's Gadget Emporium.
  2201 | D        | Found Liazxaah's Distillery.
  2201 | D        | Found Vutyilad's Distillery.
  2230 | D        | Noticed a storm dragon
  2230 | D        | Noticed a golden dragon
  2231 | D        | Noticed a bone dragon
  2241 | D        | Killed a golden dragon
  2241 | D        | Reached skill level 22 in Maces & Flails
  2242 | D        | Noticed a deep elf high priest
  2242 | D        | Noticed a cacodemon
  2244 | D        | Noticed a frost giant
  2248 | D        | Killed a deep elf high priest
  2257 | D        | Killed a bone dragon
  2260 | D        | Killed a storm dragon
  2263 | D        | Killed from afar by a frost giant

Skill      XL: |  1  2  3  4  5  6  7  8  9 10 11 12 |
---------------+-------------------------------------+-----
Fighting       | 6 8 9 10 11 13 14 16 17 | 17.3
Maces & Flails | 8 11 12 13 15 17 19 21 22 | 22.8
Armour         | 5 7 9 11 12 14 15 17 | 17.1
Dodging        | 5 7 8 10 11 13 14 15 | 15.9

Action                   |  1- 3 |  4- 6 |  7- 9 | 10-12 || total
-------------------------+-------+-------+-------+-------++-------
Melee: Mace              |     8 |    18 |    34 |       ||    60
       Headbutt          |     1 |     6 |    25 |    33 ||    65
       Dire flail        |       |       |    30 |   106 ||   136
Invok: Berserk           |     1 |     1 |     3 |     4 ||     9
       Brothers in Arms  |       |       |     2 |     3 ||     5
  Use: Potion            |       |       |       |     2 ||     2
 Stab: Distracted        |       |       |       |     1 ||     1
  Eat: Bread ration      |       |       |     1 |       ||     1
       Chunk             |       |       |       |     8 ||     8
Armor: Animal skin       |     1 |       |       |       ||     1
       Chain mail        |       |       |    13 |    35 ||    48
Dodge: Dodged            |     2 |     6 |    25 |    41 ||    74
